 Dungeon Crawl Stone Soup version 0.29-a0-304-gb34f9e133a (webtiles) character file.

Game seed: 15019280468952811717

28 sanka the Ducker (level 3, 35/35 HPs)
             Began as a Gnoll Monk on Mar 26, 2022.
             Was a Believer of Elyvilon.
             Quit the game on level 1 of the Dungeon.
             The game lasted 00:00:46 (911 turns).

sanka the Ducker (Gnoll Monk)                        Turns: 911, Time: 00:00:47

Health: 35/35      AC:  2    Str: 12    XL:     3   Next: 12%
Magic:  3/3        EV: 15    Int:  9    God:    Elyvilon [**....]
Gold:   96         SH:  5    Dex: 14    Spells: 3/3 levels left

rFire   . . .      SeeInvis .   a - +0 hand axe
rCold   . . .      Faith    .   (no shield)
rNeg    . . .      Spirit   .   b - +0 robe
rPois   .          Reflect  +   (no helmet)
rElec   .          Harm     .   (no cloak)
rCorr   .          Rampage  .   (no gloves)
Will    .....                   (no boots)
Stlth   +++.......              d - amulet of reflection
HPRegen 0.11/turn               (no ring)
MPRegen 0.08/turn               (no ring)

@: no status effects
A: fangs 1, strong nose, distributed training
a: Renounce Religion, Purification, Heal Other


You were on level 1 of the Dungeon.
You worshipped Elyvilon.
Elyvilon was pleased with you.
You visited 1 branch of the dungeon, and saw 1 of its levels.

You collected 96 gold pieces.


Innate Abilities, Weirdness & Mutations

You have very sharp teeth.
Your uncanny sense of smell can sniff out nearby items.
Your experience applies equally to all skills.


   Skills:
 + Level 6.5 Fighting
 + Level 0.6 Short Blades
 + Level 0.6 Long Blades
 + Level 6.5 Axes
 + Level 0.6 Maces & Flails
 + Level 0.6 Polearms
 + Level 0.6 Staves
 + Level 0.6 Slings
 + Level 0.6 Bows
 + Level 0.6 Crossbows
 + Level 0.6 Throwing
 + Level 0.6 Armour
 + Level 6.5 Dodging
 + Level 4.1 Stealth
 + Level 0.6 Shields
 + Level 0.6 Unarmed Combat
 + Level 0.6 Spellcasting
 + Level 0.4 Conjurations
 + Level 0.4 Hexes
 + Level 0.4 Summonings
 + Level 0.4 Necromancy
 + Level 0.4 Translocations
 + Level 0.4 Transmutations
 + Level 0.4 Fire Magic
 + Level 0.4 Ice Magic
 + Level 0.4 Air Magic
 + Level 0.4 Earth Magic
 + Level 0.4 Poison Magic
 + Level 0.8 Invocations
 + Level 0.6 Evocations


You had 3 spell levels left.
You didn't know any spells.
Your spell library contained the following spells:

 Spells                   Type           Power      Damage    Failure   Level
 Ensorcelled Hibernation  Hex/Ice        2%         N/A       43%         2
 Passwall                 Tmut/Erth      0%         N/A       43%         2
 Swiftness                Air            1%         N/A       67%         3

Inventory:

Hand Weapons
 a - a +0 hand axe (weapon)
Armour
 b - a +0 robe (worn)
Jewellery
 d - an amulet of reflection (around neck)
Scrolls
 e - a scroll of teleportation {unknown}
 f - a scroll of vulnerability {unknown}
Potions
 c - 2 potions of ambrosia
 g - a potion of curing {unknown}

Dungeon Overview and Level Annotations

Branches:
Dungeon (1/15)

Altars:
Elyvilon

▒.▒▒▒▒▒▒▒▒▒.▒
▒...........▒..▒..
............▒
▒..▒▒..▒▒..▒▒.....
▒.▒▒▒▒▒▒▒▒▒▒▒
▒▒'▒▒▒▒▒..........
...▒▒▒▒▒▒
▒.....▒▒.........
.......>▒
▒8▒▒▒.▒▒..▒▒▒.▒▒.
...▒▒▒▒.▒
▒P..▒.▒▒▒.▒ ▒.▒▒.
▒.▒▒ ▒.▒ ▒▒.▒.▒.▒
▒.▒ ▒.▒▒. ▒.▒ ▒.▒
▒▒..▒.'.▒ ▒.▒ ▒.▒▒.
..▒
▒▒.▒▒▒▒▒▒▒.g.▒▒▒▒▒
▒.▒
▒▒▒▒▒▒...▒▒P'.▒..▒▒
..▒ ▒
▒.......▒.▒.▒.▒▒
▒▒▒.▒▒...▒▒.▒...▒
....▒▒▒.▒▒▒.▒▒▒8▒
).......▒ ▒.. ..▒
▒▒▒▒▒▒▒▒▒ ▒▒▒▒▒+▒
..▒ ▒.▒▒▒▒▒▒▒▒


There were no monsters in sight!


Message History

You open the door.
There is an open door here.
A frilled lizard is nearby!
A frilled lizard is nearby!
A frilled lizard is nearby!
You barely miss the frilled lizard. You block the frilled lizard's attack.
You barely miss the frilled lizard. The frilled lizard misses you.
You closely miss the frilled lizard.
You bite the frilled lizard, but do no damage.
The frilled lizard misses you.
You hit the frilled lizard but do no damage.
The frilled lizard barely misses you.
You closely miss the frilled lizard.
The frilled lizard completely misses you.
You slash the frilled lizard!
You kill the frilled lizard!
No target in view!
Search for what [? for help]? altar
There is an open door here.
There is a faded altar of an unknown god here.
You cannot tell which god this altar belongs to.
Convert to them anyway?
Okay, then.
You cannot tell which god this altar belongs to.
Convert to them anyway?
Elyvilon accepts your prayer! Elyvilon welcomes you!
You can now purify yourself.
You can now heal and attempt to pacify others.
Are you sure you want to abandon this character and quit the game? (Confirm with "yes".)

Action                   || total
-------------------------++-------
Melee: Hand axe          ||    67
       Bite              ||     7
 Stab: Sleeping          ||     4
       Distracted        ||     1
Armor: Robe              ||     5
Dodge: Dodged            ||    32
Block: Other             ||    14

Levels and vault maps discovered:
D:1:      dpeg_arrival_radiant, layout_loops_ring,
          shapermc_ecumenical_altar_ellora, minmay_octomino_c4

Notes
Turn   | Place    | Note
-------+----------+-------------------------------------------
     0 | D:1      | sanka the Gnoll Monk began the quest for the Orb.
     0 | D:1      | Reached XP level 1. HP: 23/23 MP: 1/1
   117 | D:1      | Reached XP level 2. HP: 16/29 MP: 2/2
   809 | D:1      | Reached XP level 3. HP: 29/35 MP: 3/3
   868 | D:1      | Found a faded altar of an unknown god.
   910 | D:1      | Prayed at the altar of an unknown god.
   910 | D:1      | Became a worshipper of Elyvilon the Healer
   910 | D:1      | Reached * piety under Elyvilon
   910 | D:1      | Reached ** piety under Elyvilon
   911 | D:1      | Quit the game

Vanquished Creatures
  A ball python (D:1)
  4 endoplasms (D:1)
  2 giant cockroaches (D:1)
  3 goblins (D:1)
  3 hobgoblins (D:1)
  3 kobolds (D:1)
  3 quokkas (D:1)
  2 bats (D:1)
  A frilled lizard (D:1)
  A rat (D:1)
23 creatures vanquished.

Vanquished Creatures (others)
  A fungus (D:1)
1 creature vanquished.

Grand Total: 24 creatures vanquished
